 Dungeon Crawl Stone Soup version 0.25-a0-934-g041635d5d1 (webtiles) character file.

Game seed: 2915907591646095779, levelgen mode: deterministic

144 Yok the Covered (level 5, -2/46 HPs)
             Began as a Minotaur Fighter on May 3, 2020.
             Slain by an ogre
             ... wielding a +0 giant club
              (25 damage)
             ... on level 3 of the Dungeon.
             The game lasted 00:10:34 (1657 turns).

Yok the Covered (Minotaur Fighter)                  Turns: 1657, Time: 00:10:37

Health: -2/46      AC:  7    Str: 21    XL:     5   Next: 5%
Magic:  4/4        EV:  8    Int:  5    God:
Gold:   103        SH:  9    Dex: 10    Spells: 4/4 levels left

rFire    . . .     SeeInvis .   a - +1 war axe
rCold    . . .     Gourm    .   c - +0 kite shield
rNeg     . . .     Faith    .   b - +0 scale mail
rPois    .         Spirit   .   (helmet restricted)
rElec    .         Reflect  .   (no cloak)
rCorr    .         Harm     .   (no gloves)
MR       .....                  (no boots)
Stlth    ..........             (no amulet)
HPRegen  0.15/turn              (no ring)
MPRegen  0.09/turn              (no ring)

@: no status effects
A: retaliatory headbutt, horns 2
a: no special abilities


You were on level 3 of the Dungeon.
You were not hungry.

You visited 1 branch of the dungeon, and saw 3 of its levels.

You collected 103 gold pieces.

Inventory:

Hand Weapons
 a - a +1 war axe (weapon)
 e - a +0 dagger
Armour
 b - a +0 scale mail (worn)
 c - a +0 kite shield (worn)
 p - a +0 ring mail
Jewellery
 q - an uncursed ring of protection from cold {unknown}
Scrolls
 i - 2 scrolls of enchant weapon
 j - 6 scrolls of identify {unknown}
 k - 2 scrolls of amnesia {unknown}
 m - a scroll of remove curse {unknown}
 n - a scroll of fog {unknown}
Potions
 d - a potion of might
 g - a potion of brilliance {unknown}
 h - 2 potions of curing {unknown}
 l - a potion of flight {unknown}
 r - a potion of lignification {unknown}
Comestibles
 f - a ration


   Skills:
 + Level 4.3 Fighting
 + Level 4.0 Axes
 + Level 4.7 Armour
 + Level 1.1 Dodging
 + Level 4.5 Shields


You had 4 spell levels left.
You didn't know any spells.
Your spell library was empty.

Dungeon Overview and Level Annotations

Branches:
Dungeon (3/15)

Altars:
Ru

Annotations:
D:3 Jessica, Robin


Innate Abilities, Weirdness & Mutations

You reflexively headbutt those who attack you in melee.
You have a pair of horns on your head.


Message History

The jackal barely misses you. You block the ogre's attack.
You barely miss the ogre. You closely miss the jackal.
The jackal closely misses you. Robin throws the goblin at you!
You block the jackal's attack. The goblin hits you but does no damage.
You block the ogre's attack.
You hit the ogre.
The ogre is lightly wounded.
You slash the goblin!
You kill the goblin!
You hit the jackal but do no damage.
The jackal bites you but does no damage.
The jackal barely misses you. The ogre hits you with a +0 giant club!
You slash the ogre!
The ogre is heavily wounded.
You closely miss the jackal.
The jackal bites you but does no damage.
You block the jackal's attack.
The ogre hits you with a +0 giant club!!
Ouch! That really hurt!
You die...

.# #8...8# #.# . ##.....## ..#
. #8.....8 ##.. ## ..
#.....###.. .## ..
#8...8##..###..#### #.. ##@##
#..##......# #..#
#######.gO@......####
#.g###..#w...#h#..........
#hO....†.##))........###.######
####....).).##..............(..
#......#####......####...#
#.......# #.<...)......<#
####.....# #....^....#...#
#.........#######.#####
####....... ..#


You could see an ogre, Robin, a dart slug and a jackal.

Vanquished Creatures
  Terence (D:3)
  3 gnolls (D:2)
  4 adders
  3 worms (D:2)
  2 dart slugs
  A leopard gecko (D:1)
  16 goblins
  4 hobgoblins
  3 jackals (D:3)
  A quokka (D:3)
  2 ball pythons
  A frilled lizard (D:1)
  3 kobolds (D:1)
  4 rats
48 creatures vanquished.

Notes
Turn   | Place    | Note
-------+----------+-------------------------------------------
     0 | D:1      | Yok the Minotaur Fighter began the quest for the Orb.
     0 | D:1      | Reached XP level 1. HP: 19/19 MP: 0/0
   154 | D:1      | Reached XP level 2. HP: 27/27 MP: 1/1
  1083 | D:2      | Reached XP level 3. HP: 31/33 MP: 2/2
  1220 | D:2      | Reached XP level 4. HP: 10/40 MP: 3/3
  1550 | D:3      | Reached skill level 1 in Dodging
  1554 | D:3      | Noticed Terence
  1558 | D:3      | Killed Terence
  1577 | D:3      | Found a sacrificial altar of Ru.
  1578 | D:3      | Noticed Jessica
  1609 | D:3      | Noticed Robin
  1613 | D:3      | Noticed an ogre
  1641 | D:3      | Reached XP level 5. HP: 33/46 MP: 4/4
  1657 | D:3      | Slain by an ogre

Levels and vault maps discovered:
D:1:      ncdulo_lavacross, layout_loops_ring
D:2:      layout_loops_ring
D:3:      layout_rooms, nicolae_overflow_hidden_temple,
          minmay_overflow_temple_star_hex, uniq_robin, uniq_terence,
          uniq_jessica

Skill      XL: |  1  2  3  4 |
---------------+-------------+-----
Fighting       | 4 |  4.3
Armour         | 4 |  4.7
Shields        | 4 |  4.5
Axes           | 3 4 |  4.0
Dodging        | 1 |  1.1

Action                   |  1- 3 |  4- 6 || total
-------------------------+-------+-------++-------
Melee: War axe           |    76 |    53 ||   129
       Headbutt          |     8 |     7 ||    15
  Use: Scroll            |     1 |       ||     1
  Eat: Ration            |     1 |       ||     1
Armor: Scale mail        |    46 |    30 ||    76
Dodge: Dodged            |    30 |    25 ||    55
Block: Kite shield       |    48 |    39 ||    87

Table legend:
 A = Non-vault XP
 B = Vault XP
 C = Vault XP percentage of total XP
 D = Non-vault monster count
 E = Vault monster count
 F = Vault count percentage of total count
                 A         B        C        D         E       F
            +---------+---------+-------+---------+---------+-------
      Total |     155 |      52 |  25.1 |      36 |      12 |  25.0
            +---------+---------+-------+---------+---------+-------
        D:1 |      24 |       0 |   0.0 |      14 |       0 |   0.0
        D:2 |      95 |       0 |   0.0 |      15 |       0 |   0.0
        D:3 |      36 |      52 |  59.1 |       7 |      12 |  63.2
            +---------+---------+-------+---------+---------+-------
